 Dungeon Crawl Stone Soup version 0.29-a0-82-g837932c90e (webtiles) character file.

Game seed: 13011373342884442798

1563 HallandMoats the Skirmisher (level 8, -2/73 HPs)
             Began as a Minotaur Fighter on Feb 4, 2022.
             Was an Initiate of Okawaru.
             Slain by Harold (12 damage)
             ... on level 7 of the Dungeon.
             The game lasted 00:07:05 (5455 turns).

HallandMoats the Skirmisher (Minotaur Fighter)      Turns: 5455, Time: 00:07:06

Health: -2/73      AC:  7    Str: 22    XL:     8   Next: 58%
Magic:  10/10      EV: 10    Int:  5    God:    Okawaru [......]
Gold:   201        SH:  5    Dex: 11    Spells: 7/7 levels left

rFire   + . .      SeeInvis .   b - +6 club
rCold   + . .      Faith    .   c - +0 buckler
rNeg    . . .      Spirit   .   s - +0 scale mail
rPois   .          Reflect  .   (helmet restricted)
rElec   .          Harm     .   r - scarf {rC+ rF+}
rCorr   .          Rampage  .   (no gloves)
Will    .....                   (no boots)
Stlth   ..........              (no amulet)
HPRegen 0.22/turn               (no ring)
MPRegen 0.12/turn               (no ring)

@: mighty, marked
A: horns 2, retaliatory headbutt
a: Renounce Religion


You were on level 7 of the Dungeon.
You worshipped Okawaru.
Okawaru was noncommittal.
You visited 2 branches of the dungeon, and saw 7 of its levels.

You collected 201 gold pieces.

Inventory:

Hand Weapons
 a - a +0 war axe
 b - a +6 club (weapon)
Armour
 c - a +0 buckler (worn)
 g - a +0 plate armour
 r - a scarf of resistance (worn)
 s - a +0 scale mail (worn)
Wands
 o - a wand of charming (1)
Scrolls
 e - a scroll of enchant weapon
 f - a scroll of fog
 i - 2 scrolls of teleportation
 m - a scroll of amnesia
 n - a scroll of fear
Potions
 h - a potion of curing {unknown}
 j - a potion of degeneration {unknown}
 k - a potion of berserk rage {unknown}
 l - 3 potions of flight {unknown}
 p - 2 potions of lignification {unknown}
 q - 3 potions of brilliance {unknown}
 t - 2 potions of haste {unknown}


   Skills:
 * Level 7.2 Fighting
 * Level 6.4 Axes
 + Level 5.8 Armour
 + Level 3.5 Dodging
 + Level 5.4 Shields
 * Level 4.8 Invocations


You had 7 spell levels left.
You didn't know any spells.
Your spell library contained the following spells:

 Spells                   Type           Power      Damage    Failure   Level
 Apportation              Tloc           0%         N/A       86%         1
 Beastly Appendage        Tmut           0%         N/A       86%         1
 Wereblood                Tmut           0%         N/A       95%         2
 Gell's Gravitas          Tloc           0%         N/A       99%         3
 Lesser Beckoning         Tloc           0%         N/A       99%         3
 Spider Form              Tmut/Pois      0%         N/A       99%         3
 Teleport Other           Tloc           0%         N/A       99%         3
 Alistair's Intoxication  Tmut/Pois      0%         N/A       100%        5
 Orb of Destruction       Conj           0%         9d5       100%        7
 Summon Guardian Golem    Hex/Summ       Unusable   N/A       N/A         3
 Spellforged Servitor     Conj/Summ      Unusable   N/A       N/A         7

Dungeon Overview and Level Annotations

Branches:
Dungeon (7/15)             Temple (1/1) D:7

Altars:
Ashenzari
Cheibriados
Dithmenos
Elyvilon
Fedhas
Gozag
Hepliaklqana
Kikubaaqudgha
Makhleb
Nemelex Xobeh
Okawaru
Qazlal
Ru
Sif Muna
Trog
Uskayaw
Vehumet
Wu Jian
Xom
Yredelemnul
Zin
The Shining One

Annotations:
D:5 1 runed translucent door, willcat's ghost, novice HuFi
D:7 Harold


Innate Abilities, Weirdness & Mutations

You have a pair of horns on your head.
You reflexively headbutt those who attack you in melee.


Message History

You hear the creaking of a very distant portcullis.
Harold the Weathered comes into view.
He is wielding a +0 hand axe.
Found 4 poisoned darts.
Harold shouts!
Harold fires a harpoon shot at you. The harpoon shot hits you!!
You are yanked forward by the harpoon shot.
Found a stone staircase leading up.
You feel very mighty all of a sudden. Harold hits you with a +0 hand axe!
You sock Harold!
Harold is lightly wounded.
Harold hits you with a +0 hand axe.
You sock Harold! You headbutt Harold, but do no damage.
Harold is moderately wounded.
Harold hits you with a +0 hand axe!
You sock Harold! Your headbutt misses Harold.
Harold is moderately wounded.
Harold gestures at you while chanting. A sentinel's mark forms upon you.
You bludgeon Harold!! You headbutt Harold!
Harold is severely wounded.
Harold barely misses you.
You closely miss Harold.
Harold is severely wounded.
Harold casts a spell at you. The mark upon you grows brighter.
You hit Harold. You headbutt Harold.
Harold is almost dead.
Harold casts a spell at you. The mark upon you grows brighter.
Harold hits you with a +0 hand axe!
* * * LOW HITPOINT WARNING * * *
You sock Harold!
Harold is almost dead.
Harold gestures at you while chanting. The mark upon you grows brighter.
You barely miss Harold.
Harold is almost dead.
Harold hits you with a +0 hand axe!
You die...

..##..##.#..........
...)................
..##..##.#..########
.###.#.#.#.## #####
####.##....# #(..
.........#.#####.##
####.#####........#
#.# #######..# #.#
#@.# ####.# #@....#
....#.# #...###
.###....... ......
.## ####### #...##.
..########## #...# #
#........... #<..#
##..######## #...#
.##........


You could see Harold.

Vanquished Creatures
  Prince Ribbit (D:5)
  Eustachio (D:5)
  Edmund (D:5)
  3 ogres
  A water moccasin zombie (D:5)
  2 centaur zombies (D:5)
  A bullfrog zombie (D:5)
  A centaur skeleton (D:4)
  2 orc priests (D:4)
  2 gnoll shamans
  4 hounds
  3 jellies (D:5)
  Ijyb (D:5)
  2 iguanas
  A hound zombie (D:5)
  A howler monkey zombie (D:5)
  7 gnolls
  10 adders
  A white imp (D:7)
  A worm (D:2)
  A dart slug (D:4)
  9 orcs
  10 ball pythons
  9 endoplasms
  5 giant cockroaches
  9 goblins
  6 hobgoblins
  7 jackals
  4 quokkas
  4 bats
  4 frilled lizards
  6 kobolds
  8 rats
128 creatures vanquished.

Notes
Turn   | Place    | Note
-------+----------+-------------------------------------------
     0 | D:1      | HallandMoats the Minotaur Fighter began the quest for the
                  | Orb.
     0 | D:1      | Reached XP level 1. HP: 19/19 MP: 0/0
   107 | D:1      | Reached XP level 2. HP: 27/27 MP: 1/1
   419 | D:1      | Reached skill level 4 in Fighting
   419 | D:1      | Reached skill level 1 in Invocations
   419 | D:1      | Reached XP level 3. HP: 19/33 MP: 2/2
  1271 | D:2      | Reached XP level 4. HP: 40/40 MP: 4/4
  1279 | D:2      | Found a hazy altar of Hepliaklqana.
  1503 | D:2      | Reached skill level 1 in Dodging
  2002 | D:3      | Noticed a +0 spear
  2002 | D:3      | Noticed a +0 short sword
  2002 | D:3      | Noticed a +0 dagger
  2003 | D:3      | Noticed a +0 short sword
  2004 | D:3      | Noticed a +0 spear
  2004 | D:3      | Noticed a +0 dagger
  2005 | D:3      | Noticed a +0 falchion
  2006 | D:3      | Noticed a +0 falchion
  2011 | D:3      | Found a hide-covered altar of Uskayaw.
  2201 | D:3      | Reached XP level 5. HP: 43/47 MP: 5/5
  2691 | D:4      | Identified the +2 robe of the Game of Kings {rN+++ Dex-2
                  | Slay-5 Stlth+}
  3045 | D:4      | Reached skill level 5 in Fighting
  3045 | D:4      | Reached XP level 6. HP: 55/56 MP: 6/6
  3701 | D:5      | Entered Level 5 of the Dungeon
  3711 | D:5      | Reached XP level 7. HP: 59/61 MP: 8/8
  3724 | D:5      | Noticed Edmund
  3731 | D:5      | Killed Edmund
  3732 | D:5      | Reached skill level 5 in Armour
  3854 | D:5      | Reached skill level 5 in Axes
  3879 | D:5      | Reached skill level 6 in Fighting
  3909 | D:5      | Reached skill level 5 in Shields
  4016 | D:5      | Reached XP level 8. HP: 36/71 MP: 10/10
  4347 | D:5      | Noticed Prince Ribbit
  4375 | D:5      | Killed Prince Ribbit
  4729 | D:5      | Found a runed translucent door.
  4729 | D:5      | Noticed willcat's ghost (novice HuFi)
  4787 | D:5      | Noticed Ijyb
  4795 | D:5      | Killed Ijyb
  5007 | D:5      | Noticed Eustachio
  5037 | D:5      | Killed Eustachio
  5038 | D:5      | Reached skill level 7 in Fighting
  5121 | D:5      | You fall into a shaft and drop 2 floors!
  5138 | D:7      | Found a staircase to the Ecumenical Temple.
  5151 | Temple   | Entered the Ecumenical Temple
  5262 | Temple   | Became a worshipper of Warmaster Okawaru
  5446 | D:7      | Noticed Harold
  5455 | D:7      | Slain by Harold

Illustrated notes

Levels and vault maps discovered:
D:1:      dpeg_arrival_fog, layout_loops_ring, minmay_vboxes
D:2:      layout_basic, basic_altar, mrwooster_statue_mirror
D:3:      layout_basic, nicolae_uskayaw_en_pointe
D:4:      layout_rooms, nrook_mini_backslash
D:5:      cheibrodos_helix_gallery, layout_basic, ebering_ghost_sewer_f,
          nrook_campfire, uniq_edmund, uniq_ijyb, uniq_prince_ribbit1,
          uniq_eustachio
D:7:      layout_loops_ring, minmay_temple_entry_waves, enter_bailey_3,
          minmay_misc_feat_cross, st_stairs_2, nzn_random_ring, uniq_harold
Temple:   compressed_dpeg_circular_temple

Skill      XL: |  1  2  3  4  5  6  7  8 |
---------------+-------------------------+-----
Fighting       | 4 5 6 7 |  7.2
Invocations    | 1 2 3 4 |  4.8
Armour         | 4 5 |  5.8
Axes           | 3 4 5 6 |  6.4
Dodging        | 1 2 3 |  3.5
Shields        | 4 5 |  5.4

Action                   |  1- 3 |  4- 6 |  7- 9 || total
-------------------------+-------+-------+-------++-------
Melee: War axe           |    80 |   120 |    97 ||   297
       Headbutt          |     9 |    22 |    30 ||    61
       Club              |       |       |    47 ||    47
  Use: Scroll            |       |     5 |       ||     5
       Potion            |       |       |     2 ||     2
Armor: Scale mail        |    36 |    53 |    58 ||   147
Dodge: Dodged            |    43 |    62 |    81 ||   186
Block: Buckler           |    22 |    29 |    47 ||    98

Table legend: (Time is in decaauts)
 A = Elapsed time spent in this place.
 B = Non-inter-level travel time spent in this place.
 C = Inter-level travel time spent in this place.
 D = Time resting spent in this place.
 E = Time spent auto-exploring this place.
 F = Levels seen in this place.
 G = Mean time per level.
                   A        B        C        D        E       F      G
               +--------+--------+--------+--------+--------+-----+--------+
         Total |   5568 |   5469 |     99 |    794 |   3628 |   7 |  795.4 |
       Dungeon |   5427 |   5328 |     99 |    794 |   3573 |   6 |  904.5 |
        Temple |    140 |    140 |      0 |      0 |     55 |   1 |  140.0 |
               +--------+--------+--------+--------+--------+-----+--------+

Top non-repeatable levels by time:
     D:5: 1457 daAuts
     D:3: 1101 daAuts
     D:4: 932 daAuts
     D:2: 879 daAuts
     D:1: 861 daAuts
     D:7: 195 daAuts
  Temple: 140 daAuts
